 Dungeon Crawl Stone Soup version 0.22-a0-430-g6609fc6 (webtiles) character file.

87 aronpayne the Skirmisher (level 4, -1/49 HPs)
             Began as an Ogre Berserker on May 26, 2018.
             Was a Believer of Trog.
             Slain by a gnoll
             ... wielding a +0 halberd
              (12 damage)
             ... on level 3 of the Dungeon.
             The game lasted 00:05:55 (2137 turns).

aronpayne the Skirmisher (Ogre Berserker)           Turns: 2137, Time: 00:05:55

Health: -1/49      AC:  4    Str: 21    XL:     4   Next: 51%
Magic:  4/4        EV: 10    Int:  8    God:    Trog [**....]
Gold:   129        SH:  0    Dex:  9    Spells: 3/3 levels left

rFire    . . .     SeeInvis .   a - +0 mace
rCold    . . .     Gourm    .   (no shield)
rNeg     . . .     Faith    .   b - +0 animal skin
rPois    .         Spirit   .   (helmet restricted)
rElec    .         Reflect  .   q - +0 cloak
rCorr    .         Harm     .   (gloves unavailable)
MR       .....                  (boots unavailable)
Stlth    +.........             (no amulet)
HPRegen  0.16/turn              (no ring)
MPRegen  0.09/turn              (no ring)

@: no status effects
A: large, unfitting armour, tough skin 1
a: Berserk, Trog's Hand, Renounce Religion


You were on level 3 of the Dungeon.
You worshipped Trog.
Trog was pleased with you.
You were not hungry.

You visited 1 branch of the dungeon, and saw 3 of its levels.

You collected 129 gold pieces.

Inventory:

Hand Weapons
 a - a +0 mace (weapon)
Missiles
 l - a javelin (quivered)
Armour
 b - a +0 animal skin (worn)
 q - a +0 cloak (worn)
Wands
 s - a wand of enslavement (13)
Scrolls
 g - a scroll of fog {unknown}
 h - a scroll of amnesia {unknown}
 j - 3 scrolls of teleportation {unknown}
 k - a scroll of fear {unknown}
 m - a scroll of immolation {unknown}
 o - 2 scrolls of identify {unknown}
Potions
 d - 2 potions of heal wounds {unknown}
 e - 2 potions of mutation {unknown}
 f - a potion of flight {unknown}
 i - 2 potions of lignification {unknown}
 r - a potion of brilliance {unknown}
Comestibles
 c - 9 rations
 n - 3 chunks of flesh


   Skills:
 + Level 4.6 Fighting
 + Level 3.8 Maces & Flails
 + Level 0.2 Throwing
 + Level 3.3 Dodging
 + Level 0.1 Stealth


You had 3 spell levels left.
You didn't know any spells.
Your spell library was empty.

Dungeon Overview and Level Annotations

Branches:
Dungeon (3/15)

Altars:
Uskayaw


Innate Abilities, Weirdness & Mutations

You are too large for most types of armour.
You have tough skin. (AC +1)


Message History

Press: ? - help, Shift-Dir - straight line, f/p - gnoll
Aim: a gnoll, wielding a halberd (lightly wounded)
You throw a javelin. The javelin hits the gnoll.
The gnoll is moderately wounded.
The gnoll barely misses you.
Throwing (i - inventory)
l - 3 javelins (quivered)
Press: ? - help, Shift-Dir - straight line, f/p - gnoll
Aim: a gnoll, wielding a halberd (moderately wounded)
You throw a javelin. The javelin closely misses the gnoll.
The gnoll hits you from afar with a halberd.
* * * LOW HITPOINT WARNING * * *
Throwing (i - inventory)
l - 2 javelins (quivered)
Press: ? - help, Shift-Dir - straight line, f/p - gnoll
Aim: a gnoll, wielding a halberd (moderately wounded)
You throw a javelin. The javelin hits the gnoll!
The gnoll is almost dead.
Your skin stops crawling.
You feel less resistant to hostile enchantments.
The gnoll hits you from afar with a halberd!
You die...

...............#
.............#...
##.##.......#.##
#.##.......#.# #
#.##.......#.###(#
#.##.##.#######(.(...
#.......##.g.gg#
####.#####.###.####.#
#.### #@# #......#
#...# #.###.######
###.# #.....#
#.#####.### #.......#
#########


You could see a gnoll.

Vanquished Creatures
  An adder (D:3)
  3 gnolls
  A worm (D:2)
  3 dart slugs
  A leopard gecko (D:2)
  2 giant cockroaches (D:1)
  4 goblins
  4 hobgoblins (D:1)
  A quokka (D:2)
  6 bats
  3 frilled lizards
  4 kobolds
  10 rats
43 creatures vanquished.

Notes
Turn   | Place    | Note
-------+----------+-------------------------------------------
     0 | D:1      | aronpayne the Ogre Berserker began the quest for the Orb.
     0 | D:1      | Reached XP level 1. HP: 24/24 MP: 1/1
   121 | D:1      | Reached XP level 2. HP: 25/32 MP: 2/2
   668 | D:1      | Reached XP level 3. HP: 40/40 MP: 3/3
   728 | D:1      | Reached ** piety under Trog
   988 | D:2      | Noticed a dagger
   989 | D:2      | Found a hide-covered altar of Uskayaw.
   989 | D:2      | Noticed a hand axe
  2032 | D:3      | Reached XP level 4. HP: 49/49 MP: 4/4
  2137 | D:3      | Slain by a gnoll

Vault maps used:
D:1:      shiori_arrival_oz
D:2:      dancing_weapons_uskayaw, st_stairs_7, minivault_26
D:3:      first_ration, minmay_misc_feat_square, nemelex_diamond_rough_becter

Skill      XL: |  1  2 |
---------------+-------+-----
Maces & Flails | 3 |  3.8
Dodging        | 3 |  3.3
Fighting       | |  4.6
Throwing       | |  0.2
Stealth        | |  0.1

Action                   |  1- 3 |  4- 6 || total
-------------------------+-------+-------++-------
Melee: Mace              |   100 |    15 ||   115
Throw: Javelin           |     7 |    13 ||    20
Invok: Trog's Hand       |       |     1 ||     1
 Stab: Sleeping          |     1 |       ||     1
  Eat: Chunk             |     4 |       ||     4
Armor: Animal skin       |    27 |    15 ||    42
Dodge: Dodged            |    55 |    26 ||    81

Table legend:
 A = Spawn XP
 B = Non-spawn XP
 C = Spawn XP percentage of total XP
 D = Spawn monster count
 E = Non-spawn monster count
 F = Spawn count percentage of total count
 G = Total turns spent on level
                    A         B        C        D         E        F      G
               +---------+---------+-------+---------+---------+-------+---------
         Total |       0 |     125 |   0.0 |       0 |      43 |   0.0 |  2137
               +---------+---------+-------+---------+---------+-------+---------
           D:1 |       0 |      40 |   0.0 |       0 |      24 |   0.0 |   857
           D:2 |       0 |      30 |   0.0 |       0 |       9 |   0.0 |  1088
           D:3 |       0 |      55 |   0.0 |       0 |      10 |   0.0 |   192
               +---------+---------+-------+---------+---------+-------+---------
